Map: Ruins of Endion

Players

LiquidTLO (TLO)

  • Race: Zerg Zerg
  • League: Grandmaster

MythiC - Winner!

  • Race: Terran Terran
  • League: Grandmaster

VOD

https://www.youtube.com/watch?v=deOgKFQ_nI4

Description

Time

  • Played on: April 29, 2016, 12:31 p.m.
  • Length: 11:37
Show
View Real Time Build Order
Export as new Build Order

LiquidTLO Zerg 

Build Orders: Hatch First 

Get SALT Encoding   

  12  0:00  Drone  
  13  0:14  Overlord  
  13  0:18  Drone  
  14  0:32  Drone x2  
  16  0:36  Drone  
  17  0:52  Hatchery  
  17  0:54  Drone  
  17  0:58  Drone  
  17  1:02  Extractor  
  17  1:13  Spawning Pool  
  17  1:16  Drone  
  17  1:19  Drone  
  18  1:31  Drone  
  19  1:40  Overlord  
  19  2:00  Zergling x2  
  19  2:01  Queen  
  20  2:02  Zergling x2  
  20  2:03  Metabolic Boost  
  20  2:04  Queen  
  25  2:09  Drone  
  25  2:13  Drone  
  28  2:15  Drone  
  28  2:24  Zergling x2  
  28  2:28  Drone  
  30  2:34  Overlord  
  30  2:37  Drone  
  30  2:38  Queen  
  32  2:49  Overlord  
  32  2:52  Drone  
  32  2:57  Drone x2  
  35  3:07  Drone  
  35  3:10  Drone x4  
  40  3:15  Hatchery  
  40  3:17  Drone  
  40  3:21  Drone x2  
  42  3:31  Queen, Drone  
  45  3:34  Overlord  
  45  3:38  Drone  
  45  3:40  Queen  
  48  3:42  Drone  
  48  3:43  Drone  
  48  3:46  Extractor  
  48  3:48  Baneling Nest, Zergling x2  
  49  3:50  Overlord  
  49  3:55  Drone  
  49  3:59  Drone x2  
  49  4:01  Drone  
  53  4:04  Zergling x4  
  53  4:06  Spore Crawler  
  53  4:07  Spore Crawler  
  53  4:09  Drone  
  53  4:10  Drone  
  53  4:17  Drone  
  53  4:19  Zergling x2  
  53  4:20  Drone x2  
  57  4:25  Drone x2  
  57  4:26  Drone x2  
  57  4:29  Drone  
  62  4:33  Evolution Chamber, Zergling x2  
  62  4:34  Evolution Chamber  
  62  4:37  Zergling x2  
  62  4:38  Baneling x3  
  62  4:40  Drone x2  
  64  4:51  Drone x2  
  64  4:52  Zergling x6  
  69  4:53  Zergling x4  
  69  4:55  Zergling x4  
  69  4:57  Spore Crawler  
  72  5:01  Zerg Ground Armor Level 1  
  72  5:04  Zerg Melee Weapons Level 1  
  72  5:07  Zergling x4  
  74  5:12  Spore Crawler  
  73  5:15  Zergling x2  
  74  5:22  Overlord  
  74  5:23  Overlord  
  74  5:25  Extractor  
  74  5:26  Overlord  
  73  5:34  Overlord  
  73  5:35  Overlord  
  73  5:38  Overlord  
  73  5:41  Overlord  
  73  5:42  Drone x2  
  75  5:43  Drone x7  
  75  5:46  Lair  
  78  5:52  Drone  
  78  5:54  Zergling x2  
  78  5:55  Zergling x4  
  78  5:56  Drone x2  
  84  5:59  Zergling x2  
  84  6:00  Zergling x2  
  84  6:02  Zergling x2  
  84  6:04  Zergling x2  
  85  6:08  Zergling x2, Drone  
  85  6:09  Zergling x2  
  85  6:10  Zergling x2  
  89  6:11  Zergling x2  
  89  6:15  Overlord  
  89  6:16  Baneling x3  
  89  6:17  Zergling x2, Baneling x2  
  91  6:20  Zergling x2  
  92  6:25  Zergling x2, Extractor  
  92  6:26  Baneling x2, Extractor  
  92  6:28  Drone  
  92  6:29  Drone  
  91  6:33  Spore Crawler  
  91  6:36  Drone  
  91  6:37  Drone x2  
  91  6:38  Drone  
  91  6:39  Drone  
  95  6:44  Centrifical Hooks  
  95  6:45  Extractor  
  95  6:46  Drone x4  
  98  6:47  Zergling x2  
  98  6:49  Zergling x2  
  98  6:52  Zergling x4  
  102  6:57  Zergling x2  
  102  6:59  Zerg Melee Weapons Level 2, Zerg Ground Armor Level 2  
  102  7:02  Overlord  
  102  7:03  Drone  
  104  7:08  Zergling x2  
  104  7:19  Drone  
  104  7:20  Zergling x2, Spire  
  105  7:23  Zergling x2  
  105  7:25  Hatchery  
  105  7:27  Burrow  
  105  7:29  Pneumatized Carapace  
  105  7:32  Baneling  
  105  7:34  Baneling x3  
  105  7:40  Zergling x6  
  105  7:42  Zergling x6  
  105  7:43  Baneling x3  
  111  7:45  Drone  
  112  7:54  Overlord  
  112  7:55  Drone x5  
  118  7:58  Zergling x2  
  118  8:04  Drone x3  
  118  8:05  Infestation Pit  
  120  8:06  Baneling  
  120  8:07  Baneling x3  
  120  8:12  Drone  
  121  8:20  Drone x3  
  121  8:26  Zergling x4  
  125  8:27  Zergling x4  
  125  8:30  Spore Crawler  
  125  8:32  Zerg Flyer Armor Level 1  
  125  8:33  Spore Crawler  
  125  8:35  Corruptor  
  125  8:36  Corruptor x5  
  137  8:45  Hive  
  137  8:48  Zergling x2  
  138  8:50  Zergling x2  
  138  8:51  Zergling x2  
  138  8:52  Drone x3  
  138  8:54  Queen  
  145  8:58  Extractor  
  145  8:59  Baneling x2, Extractor  
  145  9:00  Zergling x4  
  145  9:02  Zergling x4  
  147  9:04  Pathogen Glands  
  147  9:07  Drone  
  147  9:09  Drone  
  149  9:17  Spore Crawler  
  149  9:19  Zergling x2  
  149  9:20  Zergling x2  
  149  9:22  Zergling x4  
  149  9:23  Overlord  
  149  9:24  Overlord x2  
  152  9:28  Baneling x6  
  152  9:41  Zergling x2  
  152  9:42  Zergling x4  
  152  9:44  Zergling x2  
  124  9:45  Zergling x4  
  124  9:46  Zergling x2  
  124  9:48  Zergling x6  
  124  9:49  Zergling x8  
  124  9:52  Zergling x14  
  123  9:54  Zergling x4  
  123  9:55  Zergling x4  
  123  9:57  Baneling  
  123  9:59  Zergling x2  
  127  10:00  Zergling x2  
  127  10:05  Queen x3  
  127  10:06  Zergling x2  
  128  10:07  Baneling x7  
  128  10:09  Zergling x2  
  128  10:10  Zergling x2  
  128  10:12  Baneling x2  
  129  10:16  Zergling x2  
  129  10:17  Zergling x2  
  129  10:20  Zergling x2  
  123  10:21  Zergling x2  
  123  10:23  Zergling x4  
  123  10:24  Queen  
  125  10:32  Zergling x4, Corruptor  
  125  10:35  Zergling x4  
  121  10:36  Zergling x2  
  121  10:38  Zergling x2  
  121  10:40  Zergling x2  
  121  10:41  Queen x2, Zergling x2  
  121  10:42  Baneling x2  
  125  10:43  Baneling x2  
  125  10:44  Zergling x2  
  126  10:51  Ultralisk Cavern, Baneling x2  
  126  10:55  Zergling x4  
  119  10:57  Zergling x6  
  119  10:58  Zergling x4  
  119  10:59  Zergling x2  
  119  11:01  Zergling x2  
  113  11:05  Baneling x3  
  113  11:06  Zergling x4  
  113  11:10  Ultralisk Cavern  
  113  11:11  Zergling x4  
  113  11:18  Zergling x4  
Show
View Real Time Build Order
Export as new Build Order

MythiC Terran - Winner!

Build Orders: Reaper Expand, MMM Bio 

Get SALT Encoding   

  12  0:01  SCV  
  13  0:13  SCV  
  14  0:18  Supply Depot  
  14  0:25  SCV  
  15  0:40  SCV  
  15  0:41  Barracks  
  16  0:45  Refinery  
  16  0:52  SCV  
  17  1:04  SCV  
  18  1:16  SCV  
  19  1:30  Reaper, Orbital Command  
  20  1:42  Command Center  
  20  1:52  Supply Depot  
  20  1:56  SCV  
  21  2:08  Barracks Reactor, SCV  
  22  2:10  Barracks  
  22  2:20  SCV  
  22  2:22  Refinery  
  23  2:27  Factory  
  23  2:32  SCV  
  24  2:44  SCV  
  24  2:46  Marine  
  24  2:47  Marine  
  27  2:54  Orbital Command  
  27  2:56  SCV  
  28  3:00  Barracks Tech Lab  
  28  3:08  SCV  
  28  3:09  Marine x2  
  31  3:14  Factory Reactor  
  31  3:16  Starport  
  31  3:19  Marine  
  32  3:20  SCV x2  
  34  3:33  SCV x2  
  36  3:41  Marine  
  36  3:42  Marine x2, Stimpack  
  36  3:45  SCV x2  
  40  3:51  Widow Mine x2  
  40  3:53  Supply Depot  
  40  3:55  Medivac  
  46  4:14  Marine, SCV x2  
  46  4:15  Marine x2  
  51  4:19  Supply Depot  
  51  4:22  Supply Depot  
  51  4:26  SCV  
  51  4:30  Factory Tech Lab  
  52  4:35  SCV  
  53  4:39  SCV  
  54  4:48  SCV  
  54  4:49  Marine  
  54  4:50  Marine x2, Medivac  
  54  4:51  SCV, Medivac  
  63  4:56  Refinery  
  63  4:57  Refinery  
  63  4:58  Supply Depot  
  63  5:00  SCV  
  63  5:03  SCV  
  65  5:09  Command Center  
  65  5:12  SCV  
  66  5:15  SCV  
  66  5:18  Marine x3  
  70  5:23  Siege Tank  
  70  5:24  SCV  
  70  5:27  SCV  
  75  5:32  Supply Depot  
  75  5:36  SCV  
  75  5:39  SCV  
  77  5:45  Marine, Combat Shields  
  77  5:49  Engineering Bay  
  78  5:50  Engineering Bay  
  78  5:53  SCV x2  
  75  5:59  Marine x2  
  72  6:05  Marine, SCV x2  
  72  6:06  Siege Tank, Medivac x2  
  82  6:17  Marine x2, SCV x2  
  86  6:23  Marine  
  85  6:27  Barracks  
  85  6:29  SCV x2  
  85  6:30  Barracks  
  86  6:34  Marine  
  86  6:35  Barracks, Marine, Orbital Command  
  86  6:37  Terran Infantry Weapons Level 1  
  86  6:38  Terran Infantry Armor Level 1  
  88  6:40  Marine  
  89  6:50  Medivac x2  
  89  6:51  Siege Tank  
  89  6:54  SCV x2  
  98  6:56  Refinery  
  98  7:00  Supply Depot, Marine  
  98  7:01  Supply Depot, Marine x2  
  99  7:06  Armory  
  99  7:12  Refinery  
  99  7:14  Starport  
  99  7:19  Marine, Liberator  
  99  7:20  Marine, Barracks Reactor x2  
  99  7:21  Supply Depot, Marine  
  102  7:23  Supply Depot x2, Barracks Reactor  
  102  7:24  Liberator  
  105  7:37  Marine x2  
  105  7:39  Marine  
  105  7:43  Supply Depot x2, SCV x3  
  114  7:48  Siege Tank  
  117  7:54  Starport Reactor  
  117  7:55  SCV x2  
  117  7:57  Marine x4, SCV  
  117  7:58  Marine x3  
  127  8:01  Marine x2  
  129  8:05  Supply Depot  
  129  8:06  Terran Vehicle Weapons Level 1  
  129  8:09  Liberator x2  
  129  8:14  Liberator  
  129  8:15  Marine  
  129  8:16  Marine  
  129  8:17  Marine x4  
  135  8:26  Marine x3  
  142  8:29  Missile Turret  
  142  8:33  Marine, Siege Tank  
  149  8:39  Marine x3  
  152  8:43  Terran Infantry Armor Level 2  
  152  8:46  Marine x5  
  157  8:51  Marine  
  157  8:52  Command Center  
  158  8:57  Marine x3  
  158  8:58  Terran Infantry Weapons Level 2  
  161  9:04  Marine x4  
  161  9:06  Supply Depot x2  
  161  9:08  Supply Depot  
  165  9:10  Liberator x2  
  165  9:19  Liberator x2  
  165  9:27  Marine x2  
  165  9:28  Marine x3  
  165  9:30  Marine x2  
  178  9:33  Marine x2  
  186  9:45  Marine x5  
  168  9:47  Marine  
  168  9:48  Marine  
  168  9:51  Marine  
  140  9:53  Liberator  
  140  9:54  Marine  
  140  9:57  Siege Tank  
  144  10:03  Marine x3  
  144  10:06  Marine  
  132  10:10  Marine x3  
  132  10:13  Liberator x2  
  129  10:14  Marine x2  
  129  10:20  Marine x2  
  130  10:21  Marine  
  130  10:22  Liberator  
  130  10:27  Marine  
  130  10:28  Marine  
  130  10:29  Marine x2, Siege Tank  
  130  10:32  Marine  
  140  10:36  Marine, Liberator  
  140  10:38  Marine  
  140  10:39  Marine x2  
  140  10:45  Marine  
  140  10:46  Marine  
  140  10:47  Marine x2  
  144  10:50  Marine  
  146  11:01  Marine x2, Siege Tank  
  138  11:13  Marine x2  
Tags
 
Add a new tag
Caveats
  • Supply blocks, unpowered buildings, or Contaminate may cause inaccurate times.
  • Supply counts are checked every 10 seconds.